 Dungeon Crawl Stone Soup version 0.29-a0-541-gaf1fc19f1b (webtiles) character file.

Game seed: 12564399020394776587

9 testman the Grasshopper (level 2, 0/23 HPs)
             Began as a Meteoran Wanderer on June 2, 2022.
             Was a Follower of Zin.
             Slain by a jackal (2 damage)
             ... on level 1 of the Dungeon.
             The game lasted 00:02:05 (124 turns).

testman the Grasshopper (Meteoran Wanderer)          Turns: 124, Time: 00:02:06

Health: 0/23       AC:  3    Str:  9    XL:     2   Next: 41%
Magic:  5/5        EV: 13    Int: 13    God:    Zin [*.....]
Gold:   18         SH:  0    Dex: 17    Spells: 3/4 levels left

rFire   . . .      SeeInvis .   e - +0 whip
rCold   . . .      Faith    .   (no shield)
rNeg    . . .      Spirit   .   c - +0 robe
rPois   .          Reflect  .   (no helmet)
rElec   .          Harm     .   (no cloak)
rCorr   .          Rampage  .   b - +0 pair of gloves
Will    .....                   (no boots)
Stlth   +.........              (no amulet)
HPRegen 0.07/turn               (no ring)
MPRegen 0.09/turn               (no ring)

@: glowing
A: sense surroundings 1, otherworldly, glowing, explore regen
a: Renounce Religion, Recite, Donate Gold


You were on level 1 of the Dungeon.
You worshipped Zin.
Zin was aware of your devotion.
You visited 1 branch of the dungeon, and saw 1 of its levels.

You collected 20 gold pieces.
You donated 2 gold pieces to Zin.

Inventory:

Hand Weapons
 a - a +0 dagger
 e - a +0 whip (weapon)
Armour
 b - a +0 pair of gloves (worn)
 c - a +0 robe (worn)
Scrolls
 d - 2 scrolls of fog


   Skills:
 + Level 1.4 Fighting
 + Level 0.3 Maces & Flails
 - Level 2.5 Dodging
 - Level 1.2 Unarmed Combat
 + Level 1.7 Spellcasting
 + Level 4.9 Translocations
 - Level 1.4 Evocations


You had 3 spell levels left.
You knew the following spells:

 Your Spells              Type           Power      Damage    Failure   Level
a - Apportation           Tloc           28%        N/A       3%          1

Your spell library contained the following spells:

 Spells                   Type           Power      Damage    Failure   Level
 Blink                    Tloc           28%        N/A       4%          2
 Gell's Gravitas          Tloc           14%        N/A       10%         3


Dungeon Overview and Level Annotations

Branches:
Dungeon (1/15)

Altars:
Zin


Innate Abilities, Weirdness & Mutations

You passively map a small area around you.
You are easily found by Zot.
You glow in the dark.
You regain HP and MP as you explore.


Message History

You hit the jackal but do no damage.
The jackal is moderately wounded.
The jackal closely misses you. The jackal completely misses you.
You hit the jackal.
The jackal is almost dead.
The jackal barely misses you.
You barely miss the jackal.
The jackal is almost dead.
The jackal bites you.
The jackal bites you but does no damage.
You hit the jackal.
You kill the jackal!
You miss the jackal. The jackal closely misses you. The jackal bites you.
* * * LOW HITPOINT WARNING * * *
You hit the jackal.
The jackal is moderately wounded.
The jackal closely misses you.
You hit the jackal but do no damage.
The jackal is moderately wounded.
The jackal bites you but does no damage.
The jackal barely misses you.
You closely miss the jackal.
The jackal is moderately wounded.
The jackal bites you.
* * * LOW HITPOINT WARNING * * *
The jackal closely misses you.
You hit the jackal but do no damage.
The jackal is moderately wounded.
The jackal bites you.
* * * LOW HITPOINT WARNING * * *
You hit the jackal.
The jackal is heavily wounded.
The jackal barely misses you. x2
You hit the jackal.
The jackal is almost dead.
The jackal misses you.
You barely miss the jackal.
The jackal is almost dead.
The jackal bites you.
You die...

#.##.......,,
#.#.#
...†.......
#.#.#
#†##.......,
* ##.#.#
#.##.......**
#..#.#
#..#.......
#.##
.#.####.### *
#.# ###.., .#
#.# , # *#.#
# * #.#* * ##
,## #@# .#
#h# * #.# ,
#.# * .#.#
#.# , ###.# *
* * #.# * #
#.. , ...
,..# ..# , .#
### , ,


You could see a jackal.

Vanquished Creatures
  A bat (D:1)
  A giant cockroach (D:1)
  2 hobgoblins (D:1)
  2 jackals (D:1)
  2 kobolds (D:1)
8 creatures vanquished.

Notes
Turn   | Place    | Note
-------+----------+-------------------------------------------
     0 | D:1      | testman the Meteoran Wanderer began the quest for the Orb.
     0 | D:1      | testman set off with the following items: a +0 dagger, a +0
                  | pair of gloves, a +0 robe, 2 scrolls of fog; and the
                  | following spell memorised: Apportation; and the following
                  | spells available to memorise: Blink, Gell's Gravitas
     0 | D:1      | Reached XP level 1. HP: 16/16 MP: 3/3
    30 | D:1      | Reached XP level 2. HP: 6/23 MP: 3/5
    62 | D:1      | Found a faded altar of an unknown god.
    68 | D:1      | Prayed at the altar of an unknown god.
    68 | D:1      | Became a worshipper of Zin the Law-Giver
    68 | D:1      | Reached * piety under Zin
   124 | D:1      | Slain by a jackal

Illustrated notes

Levels and vault maps discovered:
D:1:      minmay_arrival_diagonal_passages, layout_loops_ring,
          dreamdust_ecumenical_altar_angels_and_demons, hex_medium

Action                   || total
-------------------------++-------
Melee: Dagger            ||    24
       Whip              ||    33
       Punch             ||     1
Armor: Robe              ||    11
Dodge: Dodged            ||    43

Table legend: (Time is in decaauts)
 A = Elapsed time spent in this place.
 B = Non-inter-level travel time spent in this place.
 C = Inter-level travel time spent in this place.
 D = Time resting spent in this place.
 E = Time spent auto-exploring this place.
 F = Levels seen in this place.
 G = Mean time per level.
                   A        B        C        D        E       F      G
               +--------+--------+--------+--------+--------+-----+--------+
         Total |    126 |    126 |      0 |      0 |      4 |   1 |  126.0 |
       Dungeon |    126 |    126 |      0 |      0 |      4 |   1 |  126.0 |
               +--------+--------+--------+--------+--------+-----+--------+

Top non-repeatable levels by time:
     D:1: 126 daAuts
